Map: Interloper LE

Players

Jakenstein

  • Race: Protoss Protoss
  • Spawn Location: 11:00

Winthrowe

  • Race: Protoss Protoss
  • League: Silver
  • Spawn Location: 5:00

thefatape

  • Race: Terran Terran

Nikitta

  • Race: Terran Terran

VOD

Have the link to the VOD?

Description

Time

  • Played on: Aug. 31, 2017, 7:29 p.m.
  • Length: 10:07
Show
View Real Time Build Order
Export as new Build Order

Jakenstein Protoss 

Build Orders:  

Get SALT Encoding   

  12  0:01  Probe (Chrono Boost)  
  13  0:11  Probe (Chrono Boost)  
  14  0:20  Pylon  
  14  0:25  Probe (Chrono Boost)  
  15  0:38  Probe (Chrono Boost)  
  15  0:41  Gateway  
  16  0:51  Assimilator  
  16  0:55  Probe (Chrono Boost)  
  17  1:12  Probe (Chrono Boost)  
  18  1:23  Probe (Chrono Boost)  
  19  1:30  Cybernetics Core  
  19  1:33  Zealot  
  19  1:34  Probe (Chrono Boost)  
  22  1:54  Pylon  
  22  1:55  Probe (Chrono Boost)  
  22  1:57  Pylon  
  22  2:03  Assimilator  
  22  2:07  Probe (Chrono Boost)  
  23  2:08  Zealot  
  23  2:13  Warp Gate (Chrono Boost), Pylon  
  25  2:17  Gateway  
  25  2:34  Probe (Chrono Boost)  
  26  2:40  Pylon  
  26  2:41  Pylon  
  26  2:43  Stalker  
  26  2:45  Probe (Chrono Boost)  
  29  3:10  Nexus  
  29  3:12  Probe  
  30  3:22  Stalker  
  30  3:25  Sentry  
  34  3:35  Forge  
  34  3:50  Stargate  
  34  4:11  Stalker x2  
  34  4:16  Probe  
  39  4:27  Photon Cannon, Probe  
  40  4:37  Pylon, Probe  
  41  4:47  Assimilator  
  41  4:48  Probe  
  41  4:50  Assimilator  
  42  4:53  Sentry  
  42  4:55  Sentry  
  42  4:59  Probe  
  46  5:03  Probe  
  48  5:09  Probe  
  49  5:14  Probe  
  49  5:21  Probe  
  50  5:25  Probe  
  50  5:26  Protoss Ground Weapons Level 1 (Chrono Boost)  
  52  5:33  Probe  
  52  5:35  Probe  
  48  5:45  Probe, Fleet Beacon  
  48  5:46  Probe  
  48  5:47  Pylon  
  50  5:52  Stalker  
  52  5:57  Stalker, Probe  
  55  6:05  Void Ray  
  59  6:17  Photon Cannon  
  59  6:29  Photon Cannon  
  59  6:31  Photon Cannon  
  59  6:37  Carrier  
  53  6:44  Probe  
  54  6:54  Probe  
  50  7:22  Photon Cannon  
  50  7:30  Photon Cannon  
  50  7:33  Photon Cannon  
  50  8:05  Stalker x2  
  54  8:28  Graviton Catapult (Chrono Boost)  
  60  8:37  Stalker  
  58  9:24  Mothership Core  
Show
View Real Time Build Order
Export as new Build Order

Winthrowe Protoss 

Build Orders:  

Get SALT Encoding   

  12  0:03  SCV  
  13  0:15  SCV  
  14  0:24  Supply Depot  
  14  0:27  SCV  
  15  0:45  SCV  
  16  0:55  Barracks  
  16  0:57  SCV  
  17  1:06  Refinery  
  17  1:10  SCV  
  18  1:22  SCV  
  19  1:34  SCV  
  20  1:43  Marine  
  20  1:46  SCV  
  22  1:58  SCV  
  22  2:00  Supply Depot  
  23  2:07  Barracks  
  23  2:21  Marine, SCV  
  25  2:31  Supply Depot  
  25  2:33  SCV  
  26  2:39  Marine  
  27  2:57  Command Center  
  27  2:59  Supply Depot  
  27  3:05  Factory  
  27  3:06  Marine x2  
  29  3:14  SCV  
  30  3:24  Marine x2  
  30  3:26  SCV  
  33  3:28  Supply Depot  
  33  3:38  SCV  
  34  3:42  Marine x2  
  36  3:50  SCV  
  36  3:51  Refinery  
  36  3:55  Cyclone  
  40  3:59  Marine  
  40  4:00  Marine  
  40  4:02  SCV  
  43  4:08  Starport  
  43  4:09  Supply Depot  
  43  4:14  SCV  
  43  4:15  Orbital Command  
  44  4:17  Marine x2  
  46  4:26  SCV  
  47  4:39  Marine  
  47  4:40  Marine  
  47  4:43  Factory Tech Lab  
  49  4:49  Medivac  
  49  4:50  Supply Depot  
  51  4:57  Marine  
  51  4:58  Marine  
  53  5:02  Starport  
  53  5:15  Marine  
  54  5:27  Armory  
  53  5:38  SCV  
  54  5:46  Marine  
  54  5:47  Marine  
  54  5:49  Medivac  
  58  5:50  SCV  
  58  5:51  Engineering Bay  
  59  6:02  SCV  
  60  6:04  Marine x2  
  62  6:15  SCV  
  62  6:17  Factory Tech Lab  
  63  6:19  Medivac  
  63  6:22  Marine x2  
  67  6:26  Missile Turret  
  67  6:27  SCV  
  64  6:40  Marine x2  
  64  6:47  Missile Turret  
  64  6:48  Missile Turret  
  64  6:49  Medivac  
  65  6:59  SCV  
  62  7:08  Missile Turret  
  62  7:11  SCV  
  62  7:14  Marine x2  
  65  7:18  Missile Turret  
  65  7:19  Cyclone  
  68  7:23  SCV  
  69  7:32  Marine x2  
  69  7:35  SCV  
  72  7:38  Command Center  
  72  7:41  Missile Turret  
  72  7:47  SCV  
  72  7:49  Marine  
  72  7:50  Marine  
  75  7:51  Cyclone  
  75  7:57  Viking  
  80  8:04  Sensor Tower  
  80  8:07  Marine x2  
  82  8:15  Concussive Shells  
  82  8:22  Refinery  
  82  8:24  SCV  
  82  8:25  Marine x2  
  85  8:36  SCV  
  86  8:43  Marine  
  86  8:44  Marine  
  81  8:59  Fusion Core  
  81  9:01  Marine x2  
  83  9:07  Hellion  
  85  9:13  Missile Turret  
  85  9:17  SCV  
  85  9:18  Marine  
  85  9:20  Marauder  
  87  9:28  Hellion  
  87  9:29  SCV  
  90  9:33  Missile Turret  
  90  9:36  Marine  
  90  9:41  SCV, Marauder  
  90  9:49  Missile Turret  
  90  9:53  SCV  
Show
View Real Time Build Order
Export as new Build Order

thefatape Terran 

Build Orders:  

Get SALT Encoding   

Show
View Real Time Build Order
Export as new Build Order

Nikitta Terran 

Build Orders:  

Get SALT Encoding   

Tags
 
Add a new tag
Caveats
  • Supply blocks, unpowered buildings, or Contaminate may cause inaccurate times.
  • Supply counts are checked every 10 seconds.